 Dungeon Crawl Stone Soup version 0.20.1-1-g8b1a95d (webtiles) character file.

137 letownia2 the Grave Robber (level 5, -1/42 HPs)
             Began as a Deep Dwarf Necromancer on Nov 13, 2017.
             Killed by nerve-wracking pain
             ... invoked by an orc priest
              (10 damage)
             ... on level 4 of the Dungeon.
             The game lasted 00:02:36 (954 turns).

letownia2 the Grave Robber (Deep Dwarf Necromancer)  Turns: 954, Time: 00:02:37

Health: -1/42      AC:  3    Str: 11    XL:     5   Next: 0%
Magic:  0/10       EV: 12    Int: 17    God:
Gold:   130        SH:  0    Dex: 13    Spells: 6/10 levels left

rFire    . . .     SeeInvis .   a - +0 dagger
rCold    . . .     Gourm    .   (no shield)
rNeg     . . .     Faith    .   g - +0 leather armour
rPois    .         Spirit   .   (no helmet)
rElec    .         Reflect  .   (no cloak)
rCorr    .         Harm     .   (no gloves)
MR       .....                  (no boots)
Stlth    ++........             (no amulet)
Regen    0.0/turn               (no ring)
MPRegen  0.2/turn               (no ring)

@: non-regenerating
A: damage resistance, heal wounds, sense surroundings 1, no regeneration
a: Heal Wounds


You were on level 4 of the Dungeon.
You were not hungry.

You visited 1 branch of the dungeon, and saw 4 of its levels.

You collected 130 gold pieces.

Inventory:

Hand Weapons
 a - a +0 dagger (weapon)
 i - a +0 hand axe
Missiles
 k - 11 poisoned needles
Armour
 g - a +0 leather armour (worn)
Scrolls
 d - a scroll of remove curse {unknown}
 e - 3 scrolls of identify {unknown}
 l - a scroll of recharging {unknown}
Potions
 j - a potion of cancellation {unknown}
Books
 b - a book of Necromancy

   Spells                             Type                      Level
   a - Pain                           Necromancy                   1
   b - Animate Skeleton               Necromancy                   1
   c - Vampiric Draining              Necromancy                   3
   d - Regeneration                   Charms/Necromancy            3
   e - Animate Dead                   Necromancy                   4
   f - Control Undead                 Necromancy                   4
Comestibles
 c - 2 bread rations
 f - a meat ration
 h - 4 chunks of flesh


   Skills:
 - Level 2.1 Dodging
 - Level 2.4 Stealth
 + Level 3.3 Spellcasting
 + Level 5.7 Necromancy


You had 6 spell levels left.
You knew the following spells:

 Your Spells              Type           Power        Failure   Level  Hunger
a - Pain                  Necr           ###.         1%          1    None
v - Vampiric Draining     Necr           ###.......   6%          3    ###....


Dungeon Overview and Level Annotations

Branches:
Dungeon (4/15)
 Temple: D:4-7

Altars:
Kikubaaqudgha
Okawaru

Annotations:
D:4 exclusion: crimson imp


Innate Abilities, Weirdness & Mutations

You are resistant to damage.
You can heal yourself by infusing magical energy.
You passively map a small area around you.
You do not regenerate.


Message History

The orc priest hits you.
The orc moves out of view.
You closely miss the orc priest.
The orc priest is heavily wounded.
The orc priest invokes the aid of Beogh against you.
Pain shoots through your body!
* * * LOW HITPOINT WARNING * * *
You hit the orc priest.
The orc priest is severely wounded.
The orc hits you with a hand axe.
* * * LOW HITPOINT WARNING * * *
The orc priest barely misses you.
Casting: Pain
Confirm with . or Enter, or press ? or * to list all spells.
Aiming: Pain
Press: ? - help, Shift-Dir - straight line, f/p - orc priest
Aim: an orc priest (severely wounded, chance to defeat MR: 81%)
The orc priest writhes in agony!
The orc hits you with a hand axe.
The orc priest calls down the wrath of Beogh upon you.
Pain shoots through your body!
You die...

####......###....##
########
#.........##.....#,
, ,*
..###..##.##.#...#
,
##.....##....#...#
, #...........#...#
##......#........#,
......##.........#*
*
##....#..........#
*
##.............o@#
##............oo##
......#.......#.. ,
*
##....#.......##.*
...#....###.#. o ,
........# #.#. o# ,
####..#.###. , , #
##........ ,
##......... ,


You could see an orc priest and 2 orcs.

Vanquished Creatures
  A hound (D:4)
  2 orc wizards
  Jessica (D:2)
  An adder (D:3)
  An adder skeleton (D:4)
  A worm (D:4)
  A dart slug (D:2)
  A leopard gecko (D:4)
  An orc (D:4)
  A giant cockroach (D:3)
  A hobgoblin (D:3)
  A bat (D:2)
13 creatures vanquished.

Notes
Turn   | Place    | Note
-------+----------+-------------------------------------------
     0 | D:1      | letownia2 the Deep Dwarf Necromancer began the quest for the Orb.
     0 | D:1      | Reached XP level 1. HP: 15/15 MP: 3/3
   186 | D:2      | Noticed Jessica
   200 | D:2      | Killed Jessica
   200 | D:2      | Reached XP level 2. HP: 17/22 MP: 0/5
   200 | D:2      | Reached XP level 3. HP: 22/28 MP: 0/6
   205 | D:2      | Learned a level 3 spell: Vampiric Draining
   379 | D:3      | Found an iron altar of Okawaru.
   436 | D:3      | Reached skill level 5 in Necromancy
   537 | D:4      | Reached XP level 4. HP: 15/36 MP: 3/8
   754 | D:3      | Found an ancient bone altar of Kikubaaqudgha.
   947 | D:4      | Reached XP level 5. HP: 37/42 MP: 5/10
   954 | D:4      | Killed from afar by an orc priest

Skill      XL: |  1  2  3  4 |
---------------+-------------+-----
Spellcasting   | 2 3 |  3.3
Necromancy     | 5 |  5.7
Dodging        | |  2.1
Stealth        | |  2.4

Action                   |  1- 3 |  4- 6 || total
-------------------------+-------+-------++-------
Melee: Unarmed           |    13 |       ||    13
       Dagger            |       |    22 ||    22
 Cast: Pain              |    16 |     8 ||    24
       Vampiric Draining |       |     7 ||     7
  Eat: Chunk             |       |     1 ||     1
Armor: Leather armour    |     2 |     4 ||     6
Dodge: Dodged            |    10 |    23 ||    33
